 Dungeon Crawl Stone Soup version 0.29-a0-653-gd47aff6735 (webtiles) character file.

Game seed: 16985824436616101923

51 HoaS the Bolt Thrower (level 3, -2/21 HPs)
             Began as a Tengu Hunter on June 21, 2022.
             Succumbed to an adder's poison
             ... on level 2 of the Dungeon.
             The game lasted 00:01:40 (895 turns).

HoaS the Bolt Thrower (Tengu Hunter)                 Turns: 895, Time: 00:01:41

Health: -2/21      AC:  3    Str: 11    XL:     3   Next: 83%
Magic:  4/4        EV: 12    Int:  9    God:
Gold:   36         SH:  0    Dex: 19    Spells: 2/2 levels left

rFire   . . .      SeeInvis .   a - +1 hand crossbow
rCold   . . .      Faith    .   (no shield)
rNeg    . . .      Spirit   .   b - +0 leather armour
rPois   .          Reflect  .   (helmet restricted)
rElec   .          Harm     .   (no cloak)
rCorr   .          Rampage  .   (no gloves)
Will    .....                   (boots unavailable)
Stlth   ++........              (no amulet)
HPRegen 0.07/turn               (no ring)
MPRegen 0.09/turn               (no ring)

@: lethally poisoned (-2 -> -12)
A: beak, talons 3
a: no special abilities


You were on level 2 of the Dungeon.
You visited 1 branch of the dungeon, and saw 2 of its levels.

You collected 36 gold pieces.

Inventory:

Hand Weapons
 a - a +1 hand crossbow (weapon)
Armour
 b - a +0 leather armour (worn)
Scrolls
 c - 3 scrolls of immolation
 d - a scroll of identify {unknown}
 f - a scroll of blinking {unknown}
 j - a scroll of silence {unknown}
Potions
 e - 2 potions of invisibility {unknown}
 g - a potion of curing {unknown}
 h - a potion of ambrosia {unknown}
 i - a potion of heal wounds {unknown}


   Skills:
 - Level 2.0 Fighting
 + Level 5.9 Crossbows
 - Level 2.1 Dodging
 - Level 1.0 Stealth


You had 2 spell levels left.
You didn't know any spells.
Your spell library contained the following spells:

 Spells                   Type           Power      Damage    Failure   Level
 Call Canine Familiar     Summ           0%         N/A       85%         3
 Portal Projectile        Hex/Tloc       0%         N/A       85%         3
 Leda's Liquefaction      Hex/Erth       0%         N/A       99%         4


Dungeon Overview and Level Annotations

Branches:
Dungeon (1/15)

Altars:

Shops:
D:1 (


Innate Abilities, Weirdness & Mutations

You have a beak for a mouth.
You have claws for feet.


Message History

The ball python constricts you.
You shoot a bolt. The bolt hits the ball python!
You kill the ball python!
You feel sick. The adder closely misses you. The adder misses you.
You shoot a bolt. The bolt closely misses the adder.
You feel sick. The adder bites you but does no damage. The adder bites you.
You are lethally poisoned!
The adder poisons you!
You are too injured to fight recklessly!
You are too injured to fight recklessly!
You are too injured to fight recklessly!
You are too injured to fight recklessly!
You are too injured to fight recklessly!
Shoot: a) +1 hand crossbow
Press: ? - help, Q - select action Shift-Dir - straight line, f/p - adder
Aim: an adder (severely wounded, 51% to hit)
You shoot a bolt. The bolt closely misses the adder.
You feel sick. The adder bites you but does no damage.
Shoot: a) +1 hand crossbow
Press: ? - help, Q - select action Shift-Dir - straight line, f/p - adder
Aim: an adder (severely wounded, 51% to hit)
You shoot a bolt. The bolt misses the adder.
* * * LOW HITPOINT WARNING * * *
You feel sick. The adder bites you but does no damage.
The adder closely misses you.
Shoot: a) +1 hand crossbow
Press: ? - help, Q - select action Shift-Dir - straight line, f/p - adder
Aim: an adder (heavily wounded, 51% to hit)
You shoot a bolt. The bolt barely misses the adder.
* * * LOW HITPOINT WARNING * * *
You feel sick. The adder bites you.
* * * LOW HITPOINT WARNING * * *
You are more poisoned.
The adder poisons you! The adder bites you.
* * * LOW HITPOINT WARNING * * *
Shoot: a) +1 hand crossbow
Press: ? - help, Q - select action Shift-Dir - straight line, f/p - adder
Aim: an adder (heavily wounded, 51% to hit)
You shoot a bolt. The bolt closely misses the adder.
You die...

#.#...##'#
#+##.†.## #.##.
#...###.†#...#
###..# #.##.
#..##.#..#...#
##.###.##.
##.†).#..#...#
+........
#.##.#..#...#
#.###.##.
#..###..#...#
#......##.
##...####...
#...#######.
##.....##†##....##
#..
#.##...S@.......
#..
#...............
#..
####............
### #............
#............
#............
#............
#...........(
##### #....


You could see an adder.

Vanquished Creatures
  3 worms (D:2)
  6 ball pythons
  2 bats
  4 endoplasms
  A giant cockroach (D:1)
  4 goblins
  3 hobgoblins
  2 jackals (D:1)
  2 quokkas
  3 frilled lizards
  6 kobolds
  3 rats
39 creatures vanquished.

Notes
Turn   | Place    | Note
-------+----------+-------------------------------------------
     0 | D:1      | HoaS the Tengu Hunter began the quest for the Orb.
     0 | D:1      | Reached XP level 1. HP: 12/12 MP: 2/2
    64 | D:1      | Found Zuevuoq's Antique Weapon Shoppe.
   130 | D:1      | Reached XP level 2. HP: 17/17 MP: 3/3
   251 | D:1      | Reached skill level 5 in Crossbows
   518 | D:1      | Reached XP level 3. HP: 21/21 MP: 4/4
   631 | D:1      | You fall into a shaft and drop 1 floor!
   894 | D:2      | HP: 1/21 [adder (2)]
   895 | D:2      | Succumbed to an adder's poison

Illustrated notes

Levels and vault maps discovered:
D:1:      saegor_arrival_simple_c, layout_loops_cross, serial_shops,
          shop_statue, minmay_statues_item
D:2:      layout_basic, minmay_divided_ellipse

Skill      XL: |  1  2 |
---------------+-------+-----
Crossbows      | 5 |  5.9
Fighting       | |  2.0
Dodging        | |  2.1
Stealth        | |  1.0

Action                   || total
-------------------------++-------
 Fire: Hand crossbow     ||   107
Armor: Leather armour    ||    10
Dodge: Dodged            ||    25

Table legend: (Time is in decaauts)
 A = Elapsed time spent in this place.
 B = Non-inter-level travel time spent in this place.
 C = Inter-level travel time spent in this place.
 D = Time resting spent in this place.
 E = Time spent auto-exploring this place.
 F = Levels seen in this place.
 G = Mean time per level.
                   A        B        C        D        E       F      G
               +--------+--------+--------+--------+--------+-----+--------+
         Total |    925 |    925 |      0 |    177 |    555 |   2 |  462.5 |
       Dungeon |    925 |    925 |      0 |    177 |    555 |   2 |  462.5 |
               +--------+--------+--------+--------+--------+-----+--------+

Top non-repeatable levels by time:
     D:1: 648 daAuts
     D:2: 277 daAuts
